 Dungeon Crawl Stone Soup version 0.23.0 (webtiles) character file.

Game seed: 12963714588018844780

4 tidbits the Charmwright (level 1, 16/20 HPs)
             Began as a Gnoll Skald on Feb 17, 2019.
             Quit the game on level 2 of the Dungeon.
             The game lasted 00:01:09 (34 turns).

tidbits the Charmwright (Gnoll Skald)                 Turns: 34, Time: 00:01:10

Health: 16/20      AC:  3    Str: 13    XL:     1   Next: 60%
Magic:  2/6        EV: 14    Int: 15    God:
Gold:   0          SH:  0    Dex: 14    Spells: 8/9 levels left

rFire    . . .     SeeInvis .   a - +0 spear
rCold    . . .     Gourm    .   (no shield)
rNeg     . . .     Faith    .   b - +0 leather armour
rPois    .         Spirit   .   (no helmet)
rElec    .         Reflect  .   (no cloak)
rCorr    .         Harm     .   (no gloves)
MR       .....                  (no boots)
Stlth    +.........             (no amulet)
HPRegen  0.06/turn              (no ring)
MPRegen  0.10/turn              (no ring)

@: no status effects
A: distributed training, fangs 1, strong nose
a: no special abilities


You were on level 2 of the Dungeon.
You were not hungry.

You visited 1 branch of the dungeon, and saw 2 of its levels.

Inventory:

Hand Weapons
 a - a +0 spear (weapon)
 c - a +0 dagger of venom
   (You took it off a goblin on level 1 of the Dungeon)
Armour
 b - a +0 leather armour (worn)
Comestibles
 d - 2 rations


   Skills:
 + Level 4.4 Fighting
 + Level 0.0 Short Blades
 + Level 0.0 Long Blades
 + Level 0.0 Axes
 + Level 0.0 Maces & Flails
 + Level 4.4 Polearms
 + Level 0.0 Staves
 + Level 0.0 Slings
 + Level 0.0 Bows
 + Level 0.0 Crossbows
 + Level 0.0 Throwing
 + Level 2.3 Armour
 + Level 4.4 Dodging
 + Level 0.0 Stealth
 + Level 0.0 Shields
 + Level 0.0 Unarmed Combat
 + Level 4.8 Spellcasting
 + Level 0.0 Conjurations
 + Level 0.0 Hexes
 + Level 5.3 Charms
 + Level 0.0 Summonings
 + Level 0.0 Necromancy
 + Level 0.0 Translocations
 + Level 0.0 Transmutations
 + Level 0.0 Fire Magic
 + Level 0.0 Ice Magic
 + Level 0.0 Air Magic
 + Level 0.0 Earth Magic
 + Level 0.0 Poison Magic
 + Level 0.1 Invocations
 + Level 0.0 Evocations


You had 8 spell levels left.
You knew the following spells:

 Your Spells              Type           Power        Failure   Level  Hunger
i - Infusion              Chrm           ###.         2%          1    None

Your spell library contained the following spells:

 Spells                   Type           Power        Failure   Level  Hunger
 Song of Slaying          Chrm           ###.....     3%          2    ##.....
 Shroud of Golubria       Chrm/Tloc      ##........   11%         2    ##.....
 Regeneration             Chrm/Necr      ##........   21%         3    ###....
 Spectral Weapon          Hex/Chrm       ##......     21%         3    ###....


Dungeon Overview and Level Annotations

Branches:
Dungeon (2/15)

Altars:


Innate Abilities, Weirdness & Mutations

Your experience applies equally to all skills.
You have very sharp teeth.
Your uncanny sense of smell can sniff out nearby items.


Message History

Welcome, tidbits the Gnoll Skald.
The bosom of this dungeon contains the fabled artefact, the Orb of Zot.
Press ? for a list of commands and other information.
Found a staircase leading out of the dungeon.
Unknown command.
Unknown command.
You open the door.
Found a ration.
Found two stone staircases leading down.
There is an open door here.
Unknown command.
Unknown command.
You see here a ration.
d - 2 rations (gained 1)
A goblin comes into view. It is wielding a +0 dagger of venom.
The goblin shouts!
Unknown command.
Unknown command.
Casting: Infusion (safe; 2% risk of failure)
Confirm with . or Enter, or press ? or * to list all spells.
You begin infusing your attacks with magical energy.
Unknown command.
A goblin comes into view.
The goblin shouts!
The goblin completely misses you.
Found a scroll labeled TYXU NOEZXOC.
There is a stone staircase leading down here.
Unknown command.
You hit the goblin!
You kill the goblin!
Things that are here:
a +0 dagger of venom; a goblin corpse
There are no items here.
Are you sure you want to abandon this character and quit the game? (Confirm with "yes".)
Okay, then.
Unknown command.
Unknown command.
Unknown command.
Unknown command.
Things that are here:
a +0 dagger of venom; a goblin corpse You barely miss the goblin.
The goblin misses you.
You hit the goblin.
You kill the goblin!
c - a +0 dagger of venom
There is a stone staircase leading down here.
You climb downwards.
There is a stone staircase leading up here.
Unknown command.
Unknown command.
A hobgoblin comes into view.
Unknown command.
Attack whom?
Press: ? - help, Dir - move target cursor, f - hobgoblin
Aim: a hobgoblin (resting)
You reach to attack!
The helpless hobgoblin fails to defend itself.
You hit the hobgoblin.
The hobgoblin is moderately wounded.
Attack whom?
Press: ? - help, Dir - move target cursor, f/p - hobgoblin
Aim: a hobgoblin (moderately wounded)
You reach to attack!
You hit the hobgoblin.
The hobgoblin is severely wounded.
Your magical infusion is running out.
You closely miss the hobgoblin.
The hobgoblin is severely wounded.
The hobgoblin barely misses you.
You barely miss the hobgoblin.
The hobgoblin is severely wounded.
The hobgoblin hits you.
You completely miss the hobgoblin.
The hobgoblin is severely wounded.
The hobgoblin hits you.
You barely miss the hobgoblin.
The hobgoblin is severely wounded.
The hobgoblin misses you.
You closely miss the hobgoblin.
The hobgoblin is severely wounded.
The hobgoblin hits you.
You hit the hobgoblin!
You kill the hobgoblin!
An ooze comes into view.
You are no longer magically infusing your attacks.
Unknown command.
A hobgoblin comes into view.
The ooze quivers.
Found a blue potion.
Unknown command.
Unknown command.
Unknown command.
A hobgoblin and a kobold come into view.
Unknown command.
Unknown command.
Are you sure you want to abandon this character and quit the game? (Confirm with "yes".)
Okay, then.
Unknown command.
Unknown command.
Unknown command.
Are you sure you want to abandon this character and quit the game? (Confirm with "yes".)

#######..
#........
#####<#
...#.#
#†#.## ..
#....#
....###.##
#..J.####
∆#.g...@!#
#..####.#
....# g#
..... ..
#### .##
.K ∆ ##


You could see an ooze, 2 hobgoblins and a kobold (sleeping).

Vanquished Creatures
  2 goblins (D:1)
  A hobgoblin (D:2)
3 creatures vanquished.

Notes
Turn   | Place    | Note
-------+----------+-------------------------------------------
     0 | D:1      | tidbits the Gnoll Skald began the quest for the Orb.
     0 | D:1      | Reached XP level 1. HP: 20/20 MP: 6/6
    34 | D:2      | Quit the game

Action                   || total
-------------------------++-------
Melee: Spear             ||    11
 Cast: Infusion          ||     1
 Stab: Sleeping          ||     1
Dodge: Dodged            ||     4

Table legend:
 A = Turns spent in this place as a percentage of turns spent in the entire game.
 B = Non-inter-level travel turns spent in this place as a percentage of non-inter-level travel turns spent in the entire game.
 C = Inter-level travel turns spent in this place as a percentage of turns spent in this place.
 D = Turns resting spent in this place as a percentage of non-inter-level travel turns spent in this place.
 E = Turns spent auto-exploring this place as a percentage of non-inter-level travel turns spent in this place.
 F = Non-inter-level travel turns spent in this place divided by the number of levels of this place that you've seen.
                   A       B       C       D       E      F
               +-------+-------+-------+-------+-------+----------------------
         Total | 100.0 | 100.0 |   0.0 |   0.0 |   0.0 |  17.0
       Dungeon | 100.0 | 100.0 |   0.0 |   0.0 |   0.0 |  17.0
               +-------+-------+-------+-------+-------+----------------------

Table legend:
 A = Kills in this place as a percentage of kills in entire the game.
 B = Kills by you in this place as a percentage of kills by you in the entire game.
 C = Kills by friends in this place as a percentage of kills by friends in the entire game.
 D = Other kills in this place as a percentage of other kills in the entire game.
 E = Experience gained in this place as a percentage of experience gained in the entire game.
 F = Experience gained in this place divided by the number of levels of this place that you have seen.
                   A       B       C       D       E      F
               +-------+-------+-------+-------+-------+----------------------
         Total | 100.0 | 100.0 |   N/A |   N/A | 100.0 |   3.0
       Dungeon | 100.0 | 100.0 |   N/A |   N/A | 100.0 |   3.0
               +-------+-------+-------+-------+-------+----------------------

Levels and vault maps discovered:
D:1:      minmay_arrival_three_doors, layout_rooms, serial_bayou,
          serial_bayou_pond_b, serial_bayou_shore_b, serial_bayou_shore_a,
          serial_bayou_lake_a, serial_bayou_pond_a, serial_bayou_shore_b,
          hangedman_decor_riveting, minmay_tripent
D:2:      layout_loops_ring, first_ration, minmay_pentomino_v2
